 Dungeon Crawl Stone Soup version 0.27-a0-1006-g1fd4cec11e (webtiles) character file.

Game seed: 12309006430206466545

150 siradein the Cutter (level 5, -2/38 HPs)
             Began as a Demonspawn Brigand on Apr 18, 2021.
             Killed from afar by Natasha (11 damage)
             ... with a puff of flame
             ... on level 2 of the Dungeon.
             The game lasted 00:04:02 (2543 turns).

siradein the Cutter (Demonspawn Brigand)            Turns: 2543, Time: 00:04:03

Health: -2/38      AC:  7    Str: 11    XL:     5   Next: 10%
Magic:  5/5        EV:  3    Int: 13    God:
Gold:   89         SH: 10    Dex: 15    Spells: 4/4 levels left

rFire    . . .     SeeInvis .   a - +2 dagger
rCold    . . .     Faith    .   n - +0 tower shield
rNeg     . . .     Spirit   .   h - +0 scale mail
rPois    .         Reflect  .   (no helmet)
rElec    .         Harm     .   c - +0 cloak
rCorr    .         Rampage  .   (no gloves)
Will     .....                  (no boots)
Stlth    +.........             (no amulet)
HPRegen  0.12/turn              (no ring)
MPRegen  0.09/turn              (no ring)

@: no status effects
A: foul stench 2
a: no special abilities


You were on level 2 of the Dungeon.
You visited 1 branch of the dungeon, and saw 2 of its levels.

You collected 89 gold pieces.

Inventory:

Hand Weapons
 a - a +2 dagger (weapon)
Missiles
 d - 27 poisoned darts (quivered)
 e - 2 curare-tipped darts
Armour
 c - a +0 cloak (worn)
 h - a +0 scale mail (worn)
 n - a +0 tower shield (worn)
Jewellery
 i - a ring of fire
 j - a +6 ring of intelligence
Scrolls
 b - a scroll of amnesia {unknown}
 g - 2 scrolls of enchant weapon {unknown}
Potions
 f - a potion of mutation {unknown}
 k - 2 potions of curing {unknown}
 l - a potion of attraction {unknown}
 m - a potion of brilliance {unknown}


   Skills:
 - Level 2.0 Fighting
 + Level 4.9 Short Blades
 - Level 1.7 Throwing
 - Level 0.8 Dodging
 - Level 3.6 Stealth


You had 4 spell levels left.
You didn't know any spells.
Your spell library was empty.

Dungeon Overview and Level Annotations

Branches:
Dungeon (2/15)

Altars:

Annotations:
D:2 Natasha


Innate Abilities, Weirdness & Mutations

You sometimes emit foul miasma when damaged in melee.


Message History

You barely miss the adder. The adder completely misses you.
You closely miss the adder. The adder bites you but does no damage.
Your scale mail prevents you from hitting the adder.
The adder closely misses you.
You hit the adder but do no damage. The adder bites you but does no damage.
You hit the adder.
The adder is lightly wounded.
The adder barely misses you.
You miss the adder.
The adder is lightly wounded.
The adder closely misses you.
You closely miss the adder. The adder bites you but does no damage.
You miss the adder. The adder bites you but does no damage.
Your scale mail prevents you from hitting the adder.
The adder bites you but does no damage.
You hit the adder.
The adder is moderately wounded.
The adder barely misses you.
You hit the adder.
The adder is heavily wounded.
The adder bites you.
You barely miss the adder.
The adder is heavily wounded.
You hit the adder.
You kill the adder!
Natasha, Servant of Life and Death comes into view.
She is carrying a wand of flame (14).
Natasha hisses angrily.
You see here a +0 tower shield.
Keep equipping yourself?
Natasha zaps a wand.
The puff of flame hits you!
You start putting on your armour.
You continue putting on your +0 tower shield. x2
Natasha zaps a wand.
The puff of flame hits you!
You continue putting on your +0 tower shield.
Natasha zaps a wand.
The puff of flame hits you!
* * * LOW HITPOINT WARNING * * *
You continue putting on your +0 tower shield.
You finish putting on your +0 tower shield.
Natasha zaps a wand.
The puff of flame hits you!
You die...

#.........'.##..
#.........####..
##########.........# ###
........##.........#
...................#
...................####
...[..................###
....................(.'..
........@.............###
........h..######.....###
...........# #........
........#### #........
......... #........
########. #........ .
#........ #........
#####....


You could see Natasha.

Vanquished Creatures
  A hound (D:2)
  Natasha (twice) (D:2)
  2 adders (D:2)
  2 worms
  2 dart slugs (D:2)
  7 ball pythons
  4 endoplasms
  3 goblins
  3 hobgoblins
  3 jackals (D:1)
  3 kobolds
  4 quokkas
  3 bats
  4 frilled lizards
  4 rats
47 creatures vanquished.

Vanquished Creatures (others)
  8 plants (D:2)
8 creatures vanquished.

Grand Total: 55 creatures vanquished

Notes
Turn   | Place    | Note
-------+----------+-------------------------------------------
     0 | D:1      | siradein the Demonspawn Brigand began the quest for the
                  | Orb.
     0 | D:1      | Reached XP level 1. HP: 16/16 MP: 1/1
    19 | D:1      | Reached skill level 2 in Short Blades
    63 | D:1      | Gained mutation: You may rarely emit foul miasma when
                  | damaged in melee. [demonic ancestry]
    63 | D:1      | Reached XP level 2. HP: 15/22 MP: 2/2
   429 | D:1      | Found a faded altar of an unknown god.
   642 | D:1      | Reached skill level 3 in Short Blades
  1170 | D:2      | Gained mutation: You sometimes emit foul miasma when
                  | damaged in melee. [demonic ancestry]
  1170 | D:2      | Reached XP level 3. HP: 20/27 MP: 3/3
  1279 | D:2      | Noticed Natasha
  1319 | D:2      | Killed Natasha
  1320 | D:2      | Reached skill level 4 in Short Blades
  1320 | D:2      | Reached XP level 4. HP: 14/33 MP: 4/4
  2000 | D:2      | Noticed Natasha
  2029 | D:2      | Killed Natasha
  2030 | D:2      | Reached XP level 5. HP: 28/38 MP: 5/5
  2132 | D:2      | Noticed an ogre
  2178 | D:1      | HP: 1/38 [ogre/+0 giant spiked club (11)]
  2536 | D:2      | Noticed Natasha
  2543 | D:2      | Killed from afar by Natasha

Illustrated notes

Levels and vault maps discovered:
D:1:      dpeg_arrival_arbitrary_a, layout_loops_ring, basic_ecumenical_altar
D:2:      cheibrodos_old_hovel, layout_basic, uniq_natasha

Skill      XL: |  1  2  3 |
---------------+----------+-----
Short Blades   | 2 3 4 |  4.9
Fighting       | |  2.0
Throwing       | |  1.7
Dodging        | |  0.8
Stealth        | |  3.6

Action                   |  1- 3 |  4- 6 || total
-------------------------+-------+-------++-------
Melee: Dagger            |   102 |    67 ||   169
 Stab: Sleeping          |     3 |       ||     3
       Distracted        |       |     1 ||     1
Armor: Ring mail         |    12 |       ||    12
       Scale mail        |    24 |    13 ||    37
Dodge: Dodged            |    53 |    21 ||    74

Table legend: (Time is in decaauts)
 A = Elapsed time spent in this place.
 B = Non-inter-level travel time spent in this place.
 C = Inter-level travel time spent in this place.
 D = Time resting spent in this place.
 E = Time spent auto-exploring this place.
 F = Levels seen in this place.
 G = Mean time per level.
                   A        B        C        D        E       F      G
               +--------+--------+--------+--------+--------+-----+--------+
         Total |   2538 |   2457 |     81 |    420 |   1503 |   2 | 1269.0 |
       Dungeon |   2538 |   2457 |     81 |    420 |   1503 |   2 | 1269.0 |
               +--------+--------+--------+--------+--------+-----+--------+

Top non-repeatable levels by time:
     D:1: 1561 daAuts
     D:2: 976 daAuts
